 Dungeon Crawl Stone Soup version 0.23.1 (webtiles) character file.

Game seed: 13982148564464946117

45 Borgoz the Sneak (level 3, -1/28 HPs)
             Began as a Ghoul Enchanter on Mar 4, 2019.
             Slain by an adder (4 damage)
             ... on level 2 of the Dungeon.
             The game lasted 00:04:03 (1235 turns).

Borgoz the Sneak (Ghoul Enchanter)                  Turns: 1235, Time: 00:04:04

Health: -1/28      AC:  2    Str: 10 (11) XL:     3   Next: 64%
Magic:  3/5        EV: 12    Int:  8 (10) God:
Gold:   51         SH:  0    Dex:  9 (10) Spells: 3/6 levels left

rFire    . . .     SeeInvis .   e - +0 short sword
rCold    + . .     Gourm    .   (no shield)
rNeg     + + +     Faith    .   b - +0 robe
rPois    ∞         Spirit   .   (no helmet)
rElec    .         Reflect  .   (no cloak)
rCorr    .         Harm     .   (no gloves)
MR       .....                  (no boots)
Stlth    ++........             (no amulet)
HPRegen  0.00/turn              (no ring)
MPRegen  0.09/turn              (no ring)

@: very slightly contaminated, rotting
A: rotting body, claws 1, carnivore, cold resistance 1, negative energy
resistance 3, inhibited regeneration, torment resistance, unbreathing
a: no special abilities


You were on level 2 of the Dungeon.
You were not hungry.

You visited 1 branch of the dungeon, and saw 2 of its levels.

You collected 51 gold pieces.

Inventory:

Hand Weapons
 e - a +0 short sword (weapon)
 i - a +2 dagger of distortion
Armour
 b - a +0 robe (worn)
Scrolls
 c - a scroll of magic mapping {unknown}
 f - a scroll of blinking {unknown}
 g - 2 scrolls of teleportation {unknown}
Comestibles
 d - 5 rations


   Skills:
 * Level 1.2 Fighting
 * Level 1.4 Short Blades
 + Level 0.7 Armour
 * Level 2.2 Dodging
 + Level 3.5 Stealth
 + Level 2.0 Spellcasting
 + Level 2.5 Hexes


You had 3 spell levels left.
You knew the following spells:

 Your Spells              Type           Power        Failure   Level  Hunger
a - Corona                Hex            #......      13%         1    ##.....
b - Ensorcelled Hibernat  Hex/Ice        #.....       32%         2    ###....

Your spell library contained the following spells:

 Spells                   Type           Power        Failure   Level  Hunger
 Confuse                  Hex            #.......     36%         3    ####...
 Tukima's Dance           Hex            #.......     36%         3    ####...
 Dazzling Spray           Conj/Hex       #.....       54%         3    ####...


Dungeon Overview and Level Annotations

Branches:
Dungeon (2/15)

Altars:


Innate Abilities, Weirdness & Mutations

Your body is rotting away.
You thrive on raw meat.
You are immune to poison.
You have sharp fingernails.
You are carnivorous and can eat meat at any time.
Your flesh is cold resistant. (rC+)
You are immune to negative energy. (rN+++)
You do not regenerate when monsters are visible.
You are immune to unholy pain and torment.
You can survive without breathing.


Message History

You feel clumsy.
Your body decomposes!
You feel dopey.
Your body decomposes!
You feel dopey.
Your body decomposes!
You feel weakened. The adder bites you.
* * * LOW HITPOINT WARNING * * *
You hit the adder.
The adder is heavily wounded.
The adder bites you but does no damage. x2
You hit the adder.
The adder is severely wounded.
The adder bites you.
* * * LOW HITPOINT WARNING * * *
You barely miss the adder.
The adder is severely wounded.
The adder bites you but does no damage. The adder bites you.
You die...

## ## ... ..
.... #. ###
....##. #.#
....... #.#.#
......l #.#
#.#
.......#####.#
#.##
#.....S@...##
##<#
##.#.######.##
##.## #
#..###..#
#.#.#.#.#
#.##.#..#
#.##..#.#
#.####..#
#..###..#
####...##..#


You could see an adder.

Vanquished Creatures
  An adder (D:2)
  An ooze (D:1)
  A leopard gecko (D:1)
  7 bats (D:1)
  5 goblins (D:1)
  3 hobgoblins (D:1)
  2 jackals (D:1)
  A ball python (D:1)
  A frilled lizard (D:1)
  2 kobolds (D:1)
  5 rats (D:1)
29 creatures vanquished.

Notes
Turn   | Place    | Note
-------+----------+-------------------------------------------
     0 | D:1      | Borgoz the Ghoul Enchanter began the quest for the Orb.
     0 | D:1      | Reached XP level 1. HP: 14/14 MP: 2/2
    86 | D:1      | Reached skill level 1 in Short Blades
   346 | D:1      | Reached XP level 2. HP: 5/22 MP: 3/3
   354 | D:1      | Learned a level 2 spell: Ensorcelled Hibernation
   767 | D:1      | Reached skill level 1 in Fighting
   803 | D:1      | Reached XP level 3. HP: 28/28 MP: 4/4
  1235 | D:2      | Slain by an adder

Skill      XL: |  1  2  3 |
---------------+----------+-----
Short Blades   | 1 |  1.4
Dodging        | 2 |  2.2
Fighting       | 1 |  1.2
Spellcasting   | 2 |  2.0
Armour         | |  0.7
Stealth        | |  3.5
Hexes          | |  2.5

Action                   || total
-------------------------++-------
Melee: Short sword       ||   141
       Dagger            ||     3
 Cast: Corona            ||     2
       Ensorcelled Hiber ||     1
  Use: Potion            ||     3
 Stab: Sleeping          ||     3
  Eat: Chunk             ||     8
Armor: Robe              ||    31
Dodge: Dodged            ||    92
